 Dungeon Crawl Stone Soup version 0.29-a0-330-g52719c12eb (webtiles) character file.

Game seed: 14041709043040029086

1539 Flugslaktarn the Chiller (level 9, 0/62 (65) HPs)
             Began as a Human Venom Mage on Apr 14, 2022.
             Slain by a wight
             ... wielding a +3 spear
              (6 damage)
             ... on level 6 of the Dungeon.
             The game lasted 00:17:12 (3306 turns).

Flugslaktarn the Chiller (Human Venom Mage)         Turns: 3306, Time: 00:17:13

HP:   0/62 (65)     AC:  3    Str:  9    XL:     9   Next: 11%
MP:   22/25         EV: 13    Int: 20    God:
Gold: 379           SH:  5    Dex: 13    Spells: 7/17 levels left

rFire   . . .      SeeInvis .   v - +4 hand crossbow
rCold   . . .      Faith    .   (no shield)
rNeg    . . .      Spirit   .   a - +0 robe
rPois   .          Reflect  +   (no helmet)
rElec   .          Harm     .   (no cloak)
rCorr   .          Rampage  .   f - +0 pair of gloves
Will    +....                   (no boots)
Stlth   ++........              c - amulet of reflection
HPRegen 0.20/turn               B - ring of magical power
MPRegen 0.19/turn               m - ring of willpower

@: lightly drained
A: no striking features
a: no special abilities


You were on level 6 of the Dungeon.
You visited 1 branch of the dungeon, and saw 6 of its levels.
You also visited: Sewer and Ossuary.

You collected 379 gold pieces.

Inventory:

Hand Weapons
 j - a +0 long sword
   (You found it on level 3 of the Dungeon)
 o - a +0 dagger
   (You found it on level 2 of the Dungeon)
 v - a +4 hand crossbow (weapon)
   (You took it off a kobold in a sewer)
 x - a +0 morningstar
   (You took it off an orc on level 3 of the Dungeon)
Missiles
 u - 135 stones
 F - a curare-tipped dart
Armour
 a - a +0 robe (worn)
 f - a +0 pair of gloves (worn)
   (You found it on level 2 of the Dungeon)
Jewellery
 c - an amulet of reflection (around neck)
   (You found it on level 1 of the Dungeon)
 g - a +6 ring of dexterity
   (You found it on level 1 of the Dungeon)
 i - a ring of see invisible
   (You found it on level 3 of the Dungeon)
 m - a ring of willpower (right hand)
   (You found it on level 3 of the Dungeon)
 s - the ring of Dishonesty {rCorr Int+2}
   (You found it on level 4 of the Dungeon)

   [ring of resist corrosion]

   Int:       It affects your intelligence (+2).
   rCorr:     It protects you from acid and corrosion.
 y - a ring of willpower
   (You found it on level 5 of the Dungeon)
 B - a ring of magical power (left hand)
   (You found it on level 5 of the Dungeon)
Wands
 l - a wand of mindburst (2)
   (You found it on level 3 of the Dungeon)
Scrolls
 e - a scroll of summoning
 h - a scroll of fog
 k - a scroll of silence
 r - a scroll of identify
 t - 3 scrolls of fear
 z - a scroll of blinking
 A - a scroll of immolation {unknown}
 C - a scroll of enchant armour {unknown}
 D - a scroll of vulnerability {unknown}
 E - a scroll of amnesia
Potions
 b - 2 potions of invisibility
 d - 2 potions of might
 n - 2 potions of resistance
 p - 2 potions of flight
 q - 2 potions of mutation


   Skills:
 - Level 4.0 Fighting
 - Level 4.0 Dodging
 - Level 2.0 Stealth
 + Level 4.7 Spellcasting
 + Level 2.3 Conjurations
 - Level 2.0 Transmutations
 - Level 5.0 Ice Magic
 - Level 2.0 Air Magic
 + Level 4.8 Poison Magic
 - Level 2.0 Evocations


You had 7 spell levels left.
You knew the following spells:

 Your Spells              Type           Power      Damage    Failure   Level
a - Sting                 Tmut/Pois      72%        1d6       3%          1
b - Poisonous Vapours     Pois/Air       36%        N/A       4%          2
c - Frozen Ramparts       Ice            48%        1d6       4%          3
d - Hailstorm             Conj/Ice       19%        3d6       26%         4

Your spell library contained the following spells:

 Spells                   Type           Power      Damage    Failure   Level
 Freeze                   Ice            96%        1d11      1%          1
 Mephitic Cloud           Conj/Pois/Air  16%        N/A       11%         3
 Olgreb's Toxic Radiance  Pois           24%        N/A       16%         4
 Summon Lightning Spire   Summ/Air       8%         N/A       61%         4
 Storm Form               Tmut/Air       6%         N/A       100%        7
 Maxwell's Capacitive Co  Air            6%         ∞         100%        8


Dungeon Overview and Level Annotations

Branches:
Dungeon (6/15)              Sewer (visited)         Ossuary (visited)
 Temple: D:4-7

Altars:
Dithmenos
Fedhas
Uskayaw
Zin

Shops:
D:4 *

Annotations:
D:3 exclusions: howler monkey and white imp
D:5 1 runed translucent door


Message History

Shoot: v) +4 hand crossbow
Press: ? - help, Q - select action, (/) - cycle Shift-Dir - straight line, f - iguana
Aim: an iguana (68% to hit)
You shoot a bolt. The bolt hits the iguana.
The iguana is lightly wounded.
The wall freezes the iguana.
Shoot: v) +4 hand crossbow
Press: ? - help, Q - select action, (/) - cycle Shift-Dir - straight line, f/p - iguana
Aim: an iguana (heavily wounded, 68% to hit)
You shoot a bolt. The bolt closely misses the iguana.
The bolt barely misses the wight.
The wall freezes the iguana.
The iguana seems to slow down.
The iguana misses you.
The wight completely resists.
The wall freezes the wight but does no damage.
The wight hits you from afar with a +3 spear!
The wall freezes the iguana!
You kill the iguana!
The wight completely resists.
The wall freezes the wight but does no damage.
The wight hits you from afar with a +3 spear!
Training target 4.0 for Fighting reached!
Your Fighting skill increases to level 4!
Shoot: v) +4 hand crossbow
Press: ? - help, Q - select action, (/) - cycle Shift-Dir - straight line, f - wight
Aim: a wight, wielding a +3 spear and wearing a +0 robe (65% to hit)
You shoot a bolt.
The bolt hits the wight but does no damage.
The wight completely resists.
The wall freezes the wight but does no damage.
The wight closely misses you.
Shoot: v) +4 hand crossbow
Press: ? - help, Q - select action, (/) - cycle Shift-Dir - straight line, f/p - wight
Aim: a wight, wielding a +3 spear and wearing a +0 robe (65% to hit)
You shoot a bolt. The bolt hits the wight.
The wight is lightly damaged.
The wight completely resists.
The wall freezes the wight but does no damage.
You block the wight's attack.
The wight resists.
The wall freezes the wight.
You block the wight's attack.
Shoot: v) +4 hand crossbow
Press: ? - help, Q - select action, (/) - cycle Shift-Dir - straight line, f/p - wight
Aim: a wight, wielding a +3 spear and wearing a +0 robe (lightly damaged, 65% to hit)
You shoot a bolt.
The bolt hits the wight but does no damage.
The wight is lightly damaged.
The wight resists.
The wall freezes the wight.
The wight hits you from afar with a +3 spear.
Your magical contamination has completely faded away.
Shoot: v) +4 hand crossbow
Press: ? - help, Q - select action, (/) - cycle Shift-Dir - straight line, f/p - wight
Aim: a wight, wielding a +3 spear and wearing a +0 robe (lightly damaged, 65% to hit)
You shoot a bolt.
The bolt hits the wight but does no damage.
The wight is lightly damaged.
The frozen ramparts melt away.
The wight hits you from afar with a +3 spear!
You feel drained. The wight misses you.
Shoot: v) +4 hand crossbow
Press: ? - help, Q - select action, (/) - cycle Shift-Dir - straight line, f/p - wight
Aim: a wight, wielding a +3 spear and wearing a +0 robe (lightly damaged, 65% to hit)
You shoot a bolt. The bolt hits the wight!
The wight is severely damaged.
The wight hits you from afar with a +3 spear.
You feel drained.
Shoot: v) +4 hand crossbow
Press: ? - help, Q - select action, (/) - cycle Shift-Dir - straight line, f/p - wight
Aim: a wight, wielding a +3 spear and wearing a +0 robe (severely damaged, 65% to hit)
You shoot a bolt. The bolt completely misses the wight.
The wight completely misses you. You block the wight's attack.
Shoot: v) +4 hand crossbow
Press: ? - help, Q - select action, (/) - cycle Shift-Dir - straight line, f/p - wight
Aim: a wight, wielding a +3 spear and wearing a +0 robe (severely damaged, 65% to hit)
You shoot a bolt. The bolt closely misses the wight.
The wight hits you from afar with a +3 spear!
Shoot: v) +4 hand crossbow
Press: ? - help, Q - select action, (/) - cycle Shift-Dir - straight line, f/p - wight
Aim: a wight, wielding a +3 spear and wearing a +0 robe (severely damaged, 65% to hit)
You shoot a bolt.
The bolt hits the wight but does no damage.
The wight is severely damaged.
The wight barely misses you.
The wight hits you from afar with a +3 spear.
* * * LOW HITPOINT WARNING * * *
Shoot: v) +4 hand crossbow
Press: ? - help, Q - select action, (/) - cycle Shift-Dir - straight line, f/p - wight
Aim: a wight, wielding a +3 spear and wearing a +0 robe (severely damaged, 65% to hit)
You shoot a bolt. The bolt hits the wight.
The wight is almost destroyed.
The wight hits you from afar with a +3 spear.
* * * LOW HITPOINT WARNING * * *
Shoot: v) +4 hand crossbow
Press: ? - help, Q - select action, (/) - cycle Shift-Dir - straight line, f/p - wight
Aim: a wight, wielding a +3 spear and wearing a +0 robe (almost destroyed, 65% to hit)
You shoot a bolt.
The bolt hits the wight but does no damage.
The wight is almost destroyed.
The wight hits you from afar with a +3 spear!
* * * LOW HITPOINT WARNING * * *
The wight hits you from afar with a +3 spear.
You die...

......................###...
..##..........##............
.......).......###..........
....#..(...................!
.._.#.)♣♣.......####......##
.. #..♣♣.......#........##
#..♣♣.......#.z.#..l...#
....♣♣.......#.######....
....[.♣♣.......@.# #...
..♣♣♣♣♣♣♣.....>......... ...
. ♣..............# ##
................#
...............#..
.............### .
.......##..... ......
.....##


You could see a wight.

Vanquished Creatures
  Grinder (Sewer)
  Menkaure (D:4)
  A water moccasin (D:6)
  A sky beast (D:5)
  An ice beast (D:5)
  2 kobold brigands
  An elf zombie (Ossuary)
  A human zombie (Ossuary)
  2 quasits (Sewer)
  An orc priest (D:5)
  2 jellies (D:5)
  5 hounds
  Jessica (D:3)
  2 iguanas
  An orc wizard (D:5)
  3 hound zombies (Ossuary)
  3 mummies (Ossuary)
  5 adders
  A river rat (D:4)
  2 shadow imps (Sewer)
  5 ufetubi
  3 adder zombies (Ossuary)
  A worm (D:2)
  A dart slug (D:4)
  9 orcs
  4 bats
  4 endoplasms
  3 giant cockroaches
  3 goblins (D:2)
  6 hobgoblins
  3 jackals (D:1)
  26 kobolds
  A quokka (D:3)
  6 ball pythons
  A frilled lizard (D:1)
  A giant cockroach zombie (Sewer)
  3 goblin zombies (Ossuary)
  6 hobgoblin zombies (Ossuary)
  A jackal zombie (Ossuary)
  4 kobold zombies (Ossuary)
  An orc zombie (Ossuary)
  3 quokka zombies (Ossuary)
  3 rats
  6 rat zombies (Ossuary)
141 creatures vanquished.

Vanquished Creatures (others)
  17 plants (D:2)
17 creatures vanquished.

Grand Total: 158 creatures vanquished

Notes
Turn   | Place    | Note
-------+----------+-------------------------------------------
     0 | D:1      | Flugslaktarn the Human Venom Mage began the quest for the
                  | Orb.
     0 | D:1      | Reached XP level 1. HP: 13/13 MP: 3/3
   186 | D:2      | Reached XP level 2. HP: 9/19 MP: 1/5
   193 | D:1      | Learned a level 2 spell: Poisonous Vapours
   413 | D:2      | Reached skill level 1 in Air Magic
   413 | D:2      | Reached XP level 3. HP: 15/24 MP: 0/6
   745 | D:3      | Learned a level 3 spell: Frozen Ramparts
   767 | D:3      | Reached XP level 4. HP: 30/30 MP: 3/7
   852 | D:3      | Noticed Jessica
   860 | D:3      | Killed Jessica
  1036 | D:4      | Reached skill level 1 in Ice Magic
  1036 | D:4      | Reached XP level 5. HP: 35/35 MP: 5/9
  1037 | D:4      | Identified the ring of Dishonesty {rCorr Int+2}
  1076 | D:4      | Found Kosisautu's Assorted Antiques.
  1279 | D:3      | Noticed an ice beast
  1311 | D:4      | Found a glowing drain.
  1355 | Sewer    | Entered a sewer
  1416 | Sewer    | Reached skill level 2 in Ice Magic
  1422 | Sewer    | Reached XP level 6. HP: 24/41 MP: 0/10
  1534 | Sewer    | Noticed Grinder
  1666 | Sewer    | Reached skill level 3 in Ice Magic
  1710 | Sewer    | Killed Grinder
  1711 | Sewer    | Reached skill level 4 in Ice Magic
  1711 | Sewer    | Reached XP level 7. HP: 42/46 MP: 9/13
  1732 | Sewer    | Found a burning altar of Makhleb.
  2026 | D:4      | Noticed Menkaure
  2029 | D:4      | Killed Menkaure
  2030 | D:4      | Reached skill level 5 in Ice Magic
  2030 | D:4      | Reached skill level 1 in Fighting
  2030 | D:4      | Reached skill level 1 in Evocations
  2141 | D:5      | Entered Level 5 of the Dungeon
  2146 | D:5      | Reached XP level 8. HP: 51/55 MP: 14/14
  2236 | D:5      | Found a blossoming altar of Fedhas.
  2387 | D:5      | Learned a level 4 spell: Hailstorm
  2401 | D:5      | Found a shadowy altar of Dithmenos.
  2403 | D:5      | Found a hide-covered altar of Uskayaw.
  2493 | D:5      | Found a runed translucent door.
  2604 | D:5      | Found a sand-covered staircase.
  2613 | Ossuary  | Entered an ossuary
  2761 | Ossuary  | Reached skill level 1 in Conjurations
  3035 | D:6      | Found a glowing silver altar of Zin.
  3062 | D:6      | Reached XP level 9. HP: 21/65 MP: 15/15
  3306 | D:6      | Slain by a wight

Illustrated notes

Levels and vault maps discovered:
D:1:      matt_arrival_grand_opening, layout_loops_ring
D:2:      layout_rooms, serial_bayou, serial_bayou_pond_e, serial_bayou_pond_a,
          serial_bayou_shore_a, serial_bayou_lagoon_a, serial_bayou_lagoon_b,
          minmay_pentomino_s2
D:3:      layout_basic, basic_ecumenical_altar, dk_vineyard_3,
          kennysheep_pointless_box, uniq_jessica
D:4:      layout_cave_pods, cheibrodos_sewer_entry_sluice, serial_shops,
          nicolae_shop_trees, kennysheep_generic_room_14, uniq_menkaure
D:5:      layout_loops_corners, chequers_temple_overflow_statue_of_worship,
          fedhas_altar_decomposition, ebering_ghost_reflecting_pool,
          enter_ossuary_1
D:6:      layout_cave_pools, mainiacjoe_overflow_chevrons,
          minmay_temple_entry_water_ring, pf_guarded_unrand_meek

Skill      XL: |  1  2  3  4  5  6  7  8  9 |
---------------+----------------------------+-----
Transmutations | 2 |  2.0
Air Magic      | 1 2 |  2.0
Ice Magic      | 1 2 4 5 |  5.0
Spellcasting   | 3 4 |  4.7
Poison Magic   | 4 |  4.8
Fighting       | 1 3 4 |  4.0
Evocations     | 1 2 |  2.0
Dodging        | 4 |  4.0
Conjurations   | 2 |  2.3
Stealth        | |  2.0

Action                   |  1- 3 |  4- 6 |  7- 9 || total
-------------------------+-------+-------+-------++-------
Melee: Unarmed           |    24 |       |       ||    24
       Dagger            |    11 |     7 |       ||    18
       Long sword        |       |    23 |       ||    23
 Fire: Hand crossbow     |       |    22 |   198 ||   220
 Cast: Sting             |    38 |    55 |    44 ||   137
       Poisonous Vapours |       |     8 |     8 ||    16
       Frozen Ramparts   |       |       |    10 ||    10
Evoke: Wand              |       |     4 |     6 ||    10
  Use: Potion            |     4 |       |     3 ||     7
       Scroll            |     1 |       |    10 ||    11
 Stab: Invisible         |     2 |       |       ||     2
Armor: Robe              |     8 |    17 |    29 ||    54
       Skin              |    23 |       |       ||    23
Dodge: Dodged            |    37 |    43 |    94 ||   174
Block: Other             |    13 |    23 |    28 ||    64
       Reflection        |       |     6 |     1 ||     7

Table legend: (Time is in decaauts)
 A = Elapsed time spent in this place.
 B = Non-inter-level travel time spent in this place.
 C = Inter-level travel time spent in this place.
 D = Time resting spent in this place.
 E = Time spent auto-exploring this place.
 F = Levels seen in this place.
 G = Mean time per level.
                   A        B        C        D        E       F      G
               +--------+--------+--------+--------+--------+-----+--------+
         Total |   3639 |   3313 |    326 |      0 |      0 |   8 |  454.9 |
       Dungeon |   2603 |   2277 |    326 |      0 |      0 |   6 |  433.8 |
         Sewer |    569 |    569 |      0 |      0 |      0 |   1 |  569.0 |
       Ossuary |    466 |    466 |      0 |      0 |      0 |   1 |  466.0 |
               +--------+--------+--------+--------+--------+-----+--------+

Top non-repeatable levels by time:
     D:5: 690 daAuts
     D:2: 665 daAuts
   Sewer: 569 daAuts
 Ossuary: 466 daAuts
     D:3: 465 daAuts
     D:4: 456 daAuts
     D:1: 215 daAuts
     D:6: 110 daAuts
